[Event "GrandPrix_29.05"]
[Site "Chess.com"]
[Date "2020.05.29"]
[Round "2"]
[White "A_N_D-R_E_I"]
[Black "ALeks_Ivlev"]
[Result "0-1"]
[WhiteElo "2087"]
[BlackElo "2099"]
[TimeControl "600+2"]
[EndTime "9:54:58 PDT"]
[Termination "ALeks_Ivlev won by checkmate"]

1. e4 c5 2. Nf3 d6 3. d4 cxd4 4. Qxd4 Nc6 5. Bb5 Bd7 6. Qd3 Nf6 7. c4 g6 8. Nc3 Bg7 9. O-O O-O 10. h3 Rc8 11. Be3 a6 12. Bxc6 Bxc6 13. Nd4 Bd7 14. Rac1 Qa5 15. a3 Qh5 16. Nd5 Nxd5 17. exd5 b5 18.
b3 Rc5 19. Nc6 Rxc6 20. dxc6 Bxc6 21. Rfe1 Bb2 22. Rc2 Bxa3 23. Bd2 b4 24. Rxe7 a5 25. Bc1 Bxc1 26. Rxc1 Qg5 27. Qg3 Qxe7 28. Rd1 Rd8 29. h4 h5 30. Ra1 d5 31. Rxa5 dxc4 32. bxc4 Rd1+ 33. Kh2 Qe1 34. Qh3 Qg1+ 35. Kg3 Rd3+ 36. f3 Rxf3# 0-1

[Event "GrandPrix_29.05"]
[Site "Chess.com"]
[Date "2020.05.29"]
[Round "2"]
[White "viktorskliarov"]
[Black "Chepaschess"]
[Result "0-1"]
[WhiteElo "2190"]
[BlackElo "2604"]
[TimeControl "600+2"]
[EndTime "9:55:00 PDT"]
[Termination "Chepaschess won by resignation"]

1. e4 c5 2. Nf3 d6 3. d4 cxd4 4. Qxd4 Nc6 5. Bb5 a6 6. Bxc6+ bxc6 7. O-O e5 8. Qd3 Ne7 9. b3 Ng6 10. Ba3 f6 11. c4 Nf4 12. Qe3 Be7 13. Nc3 Bg4 14.
Rad1 Qa5 15. Na4 Rd8 16. h3 Bh5 17. Kh2 O-O 18. g4 Bg6 19. Nh4 Rfe8 20. Nf5 Bxf5 21. gxf5 d5 22. Bxe7 Rxe7 23. Qc5 Qc7 24. f3 dxe4 25. fxe4 Red7 26. Rxd7 Qxd7 27. Qe3 Qd2+ 28. Qxd2 Rxd2+ 29. Kg3 Rg2+ 30. Kf3 Rxa2 31. Rd1 h5 32. Rd8+ Kh7 33. Nc5 Rh2 34. Ne6 Rxh3+ 35. Kf2 Rxb3 36. Nf8+ Kh6 37. Ne6 Nxe6 38. fxe6 Rb7 39. Rd7 Rb8 40. Kg3 Re8 41. e7 a5 42. Ra7 a4 43. c5 a3 44.
Rxa3 Rxe7 45. Ra6 Rc7 46. Ra8 0-1

[Event "GrandPrix_29.05"]
[Site "Chess.com"]
[Date "2020.05.29"]
[Round "2"]
[White "Gabrielian_Artur"]
[Black "Logman74"]
[Result "1-0"]
[WhiteElo "2609"]
[BlackElo "2212"]
[TimeControl "600+2"]
[EndTime "9:55:08 PDT"]
[Termination "Gabrielian_Artur won on time"]

1. e4 c5 2. Nc3 Nc6 3. Bb5 g6 4.
Bxc6 dxc6 5. d3 Bg7 6. Be3 b6 7. Qd2 e5 8. Nge2 Nf6 9. Bh6 O-O 10. Bxg7 Kxg7 11. h4 h5 12. O-O-O b5 13. f3 Be6 14.
Kb1 Qa5 15. b3 c4 16. d4 b4 17. Na4 c3 18. Qg5 Nd7 19. Nf4 Qd8 20. Nxe6+ fxe6 21. dxe5 Qc7 22. Rd6 Rae8 23. Rhd1 Rf7 24. f4 Nf8 25. Qg3 c5 26. Qe3 c4 27. g3 cxb3 28. axb3 Rb8 29. Qc5 Qb7 30. Qc6 Qe7 31. Ka2 a5 32. R1d4 Rb7 33. Nc5 Rc7 34. Qb6 a4 35. Nxe6+ Nxe6 36.
Rxe6 axb3+ 37. Kxb3 Qf8 38. Rxg6+ Kh7 39. Rdd6 Rg7 40.
Rh6+ Kg8 41. Rdg6 Qf7+ 42. Qe6 Ra7 43. Qxf7+ Kxf7 44. Rxg7+ Kxg7 45. Rxh5 Kg6 46. Rg5+ Kh6 47. Kxb4 Rc7 48. e6 1-0

[Event "GrandPrix_29.05"]
[Site "Chess.com"]
[Date "2020.05.29"]
[Round "2"]
[White "Tashik"]
[Black "AlexPapasimakopoulos"]
[Result "0-1"]
[WhiteElo "1933"]
[BlackElo "1742"]
[TimeControl "600+2"]
[EndTime "9:55:08 PDT"]
[Termination "AlexPapasimakopoulos won by resignation"]

1. c4 Nf6 2. Nc3 c5 3. Nf3 Nc6 4. d4 cxd4 5. Nxd4 g6 6. e4 Bg7 7. Be3 d6 8. Be2 O-O 9. O-O Bd7 10. h3 a6 11. Nf3 Rb8 12. Rc1 Qa5 13. a3 b5 14. c5 b4 15. axb4 Qxb4 16. cxd6 exd6 17. Bf4 Ne8 18. Nd5 Qb7 19. b3 Kh8 20. Bc4 Na5 21. Rb1 f5 22. e5 dxe5 23. Nxe5 Be6 24. Ne3 Nxc4 25. bxc4 Qxb1 26. Qxb1 Rxb1 27. Rxb1 g5 28. Bh2 f4 29. N3g4 h5 30. Ng6+ Kg8 31. Nxf8 Kxf8 32.
Rb6 Ke7 33. h4 hxg4 34. hxg5 Bxc4 35. Bxf4 Bb5 36. Rb7+ Ke6 37. Rb8 Kf5 38. Be3 Be5 39. Rb6 Nc7 40. Rb7 Ne6 41. g3 Nxg5 42. Rb6 Nf3+ 43. Kg2 Bd4 44. Bxd4 Nxd4 45. Rd6 Ke5 46.
Rd8 Be2 47. f4+ gxf3+ 48. Kf2 Nf5 49. g4 Nh6 50. g5 Ng4+ 51. Kg3 f2 52. Rf8 f1=Q 53.
Rxf1 Bxf1 54. Kxg4 Ke4 55. g6 Bc4 56. g7 a5 57. Kg3 a4 58. Kf2 a3 59. g8=Q Bxg8 0-1

[Event "GrandPrix_29.05"]
[Site "Chess.com"]
[Date "2020.05.29"]
[Round "2"]
[White "Valeriy_Neverov"]
[Black "DarkAlekhine"]
[Result "1-0"]
[WhiteElo "2256"]
[BlackElo "2159"]
[TimeControl "600+2"]
[EndTime "9:55:09 PDT"]
[Termination "Valeriy_Neverov won on time"]

1. d4 Nf6 2. c4 g6 3. Nc3 Bg7 4.
e4 d6 5. f3 O-O 6. Bg5 Nc6 7.
Nge2 a6 8. Qd2 Rb8 9. d5 Ne5 10.
Ng3 b5 11. cxb5 axb5 12. Bxb5 Bd7 13. a4 c6 14. dxc6 Bxc6 15. O-O Bxb5 16. axb5 Nfd7 17. Nd5 f6 18. Be3 Rxb5 19. Rfc1 Rb3 20. Ra3 Rxa3 21. bxa3 e6 22. Nf4 Qe7 23. Nge2 g5 24. Nd3 Nxd3 25. Qxd3 Ne5 26. Qb3 Kh8 27. Nd4 d5 28. exd5 exd5 29. Qxd5 Qxa3 30. Nf5 Qd3 31. Qxd3 Nxd3 32.
Rc7 Ra8 33. h4 Bf8 34. Bd4 Ra6 35. hxg5 Kg8 36. gxf6 1-0

[Event "GrandPrix_29.05"]
[Site "Chess.com"]
[Date "2020.05.29"]
[Round "2"]
[White "BairaKovanova"]
[Black "MartinCerveny"]
[Result "1-0"]
[WhiteElo "2071"]
[BlackElo "2109"]
[TimeControl "600+2"]
[EndTime "9:55:11 PDT"]
[Termination "BairaKovanova won by resignation"]

1. e4 c5 2. Nf3 d6 3. g3 Nf6 4. d3 g6 5. Bg2 Bg7 6. O-O O-O 7. Nc3 Nc6 8. h3 Rb8 9. Be3 b5 10. Qd2 b4 11. Nd1 a5 12. Bh6 e6 13. Nh4 d5 14. Bxg7 Kxg7 15. exd5 exd5 16. Ne3 Ne7 17. f4 d4 18. Nc4 Be6 19. Rae1 h6 20. Re5 Rc8 21.
Rfe1 Nf5 22. Nxf5+ Bxf5 23. g4 Be6 24. Qf2 Bxc4 25.
dxc4 Qd6 26. b3 Rce8 27. Qe2 Qb8 28. g5 hxg5 29. fxg5 Rxe5 30. Qxe5 Qxe5 31. Rxe5 Nd7 32. Re7 Nb6 33. Rb7 Nc8 34. Rc7 a4 35. bxa4 Nb6 36. a5 Nxc4 37. a6 Nb6 38. Rxc5 Rd8 39. a7 d3 40. cxd3 Rxd3 41. Rb5 Ra3 42. Rxb6 Rxa7 43. Rb7 Rxa2 44. Rxf7+ Kh8 45. Rb7 Rb2 46. h4 b3 47.
Kh2 Rb1 48. Bd5 b2 49. Be4 Re1 50. Bxg6 1-0

[Event "GrandPrix_29.05"]
[Site "Chess.com"]
[Date "2020.05.29"]
[Round "2"]
[White "rfhfb"]
[Black "econpower"]
[Result "1-0"]
[WhiteElo "2198"]
[BlackElo "1900"]
[TimeControl "600+2"]
[EndTime "9:55:14 PDT"]
[Termination "rfhfb won by resignation"]

1. d4 d6 2. c4 g6 3. Nf3 Bg7 4. g3 Nd7 5. Bg2 e5 6. Nc3 Ne7 7. O-O O-O 8. b3 exd4 9. Nd5 c5 10. Bg5 f6 11. Nxe7+ Qxe7 12. Bf4 Ne5 13. e3 g5 14. Bxe5 dxe5 15. Nd2 Kh8 16. Bd5 f5 17. e4 f4 18.
f3 g4 19. fxg4 fxg3 20. Rxf8+ Qxf8 21. hxg3 Bh6 22. g5 Bxg5 23. Qh5 Be3+ 24. Kg2 Qf2+ 25. Kh1 Qf6 26. Qe8+ Kg7 27. Qg8+ Kh6 28. Rf1 Bf2 29. Kh2 a5 30. Rh1 Bh3 31. Qxa8 Qg5 32. Qg8 Qh5 33.
Qf8+ Kg5 34. Qg7+ 1-0

[Event "GrandPrix_29.05"]
[Site "Chess.com"]
[Date "2020.05.29"]
[Round "2"]
[White "kayrakamer"]
[Black "Borisss85"]
[Result "0-1"]
[WhiteElo "2100"]
[BlackElo "2031"]
[TimeControl "600+2"]
[EndTime "9:55:21 PDT"]
[Termination "Borisss85 won on time"]

1. e4 c5 2. Nf3 e6 3. d4 cxd4 4.
Nxd4 a6 5. Nc3 Qc7 6. Bd3 Nc6 7. Nxc6 dxc6 8. O-O e5 9. f4 Nf6 10. Kh1 Bd6 11.
f5 b5 12. Bg5 Bb7 13. Bxf6 gxf6 14. Qh5 Ke7 15. a4 Rag8 16. axb5 axb5 17. Rad1 Rg5 18. Qh6 Rhg8 19. Rd2 b4 20. Ne2 Rxg2 21. Ng3 Rxd2 22. Qxd2 Qb6 23. b3 Rg5 24. Kg2 Bc5 25. Rf3 Bd4 26.
h4 Rg4 27. Kh3 Rg8 28. Qh6 c5 29. Qxh7 Qd8 30. Qh6 Rh8 31. Qc1 Qg8 32. Qd2 Qh7 33.
h5 Rg8 34. Qe2 Qg7 35. Kg2 Qg5 36. Ba6 Bc6 37. Bb5 Ba8 38. Kh1 Qg4 39. Bd3 Rg5 40. Qg2 Rg8 41. Kh2 Bb7 42. Rf1 Be3 43. Qh3 Qg5 44. Ne2 Rh8 0-1

[Event "GrandPrix_29.05"]
[Site "Chess.com"]
[Date "2020.05.29"]
[Round "2"]
[White "DariaVoit"]
[Black "BogdanBelyakov89"]
[Result "1-0"]
[WhiteElo "2317"]
[BlackElo "2113"]
[TimeControl "600+2"]
[EndTime "9:55:31 PDT"]
[Termination "DariaVoit won by resignation"]

1. d4 Nf6 2. Nf3 g6 3. c4 Bg7 4. Nc3 O-O 5. Bg5 c5 6. d5 h6 7.
Bh4 d6 8. e3 Na6 9. Nd2 Nc7 10.
a4 b6 11. e4 Nh5 12. g4 Nf4 13. Qf3 g5 14. Bg3 e5 15. Nd1 Na6 16. Ne3 Nb4 17.
h4 gxh4 18. Bxf4 exf4 19. Qxf4 Qg5 20. Qh2 Bxb2 21. Rb1 Be5 22. Qxh4 Qxh4 23. Rxh4 Bf4 24. Nf5 Bg5 25. Nxh6+ Kg7 26. Rh5 Bxh6 27. g5 Bxg5 28. Rxg5+ Kf6 29. f4 Bd7 30. e5+ Ke7 31. Ne4 Bxa4 32.
Nxd6 Bc2 33. Ra1 a5 34. f5 Rg8 35. f6+ Kd7 36. Bh3+ Kc7 37. Nxf7 Bg6 38. Nh6 Nc2+ 39. Kd2 Nxa1 40. Nxg8 Rxg8 41. Be6 Rf8 42. Rxg6 Nb3+ 43. Kc3 Nd4 44. Rg7+ Kb8 45. f7 Kc7 46. Rg8 1-0

[Event "GrandPrix_29.05"]
[Site "Chess.com"]
[Date "2020.05.29"]
[Round "2"]
[White "benko_008"]
[Black "Iljin_Timofey"]
[Result "0-1"]
[WhiteElo "2048"]
[BlackElo "2289"]
[TimeControl "600+2"]
[EndTime "9:55:32 PDT"]
[Termination "Iljin_Timofey won on time"]

1. Nf3 d5 2. d4 Nf6 3. c4 e6 4.
Nc3 Bb4 5. cxd5 exd5 6. Bg5 h6 7. Bxf6 Qxf6 8. Qb3 Qb6 9. e3 c6 10. Bd3 O-O 11.
h3 Be6 12. Qc2 Nd7 13. O-O Bd6 14. Bh7+ Kh8 15. Bf5 Rae8 16. Rab1 a5 17. Na4 Qd8 18. a3 Qf6 19. Bxe6 fxe6 20. e4 Qg6 21. Nd2 Nf6 22. Nc3 Nh5 23. Ne2 Bf4 24. Rbd1 Bxd2 25.
Rxd2 dxe4 26. Qc3 Rf3 27. Qxa5 Ref8 28. Rdd1 Rxh3 29. Qe5 Qg4 30. Ng3 Rh4 31. Rde1 Rf4 32. Re3 Nf6 33. Rfe1 Qg6 34. Qxe6 Kh7 35. b4 Rxf2 0-1

[Event "GrandPrix_29.05"]
[Site "Chess.com"]
[Date "2020.05.29"]
[Round "2"]
[White "Batica1984"]
[Black "MiroVlasenko"]
[Result "0-1"]
[WhiteElo "1827"]
[BlackElo "2497"]
[TimeControl "600+2"]
[EndTime "9:55:39 PDT"]
[Termination "MiroVlasenko won by resignation"]

1. e4 c5 2. Nf3 a6 3. c4 e6 4. d4 cxd4 5. Nxd4 Nf6 6. Nc3 d6 7. Be3 Be7 8. Be2 Qc7 9. f4 b6 10. Bf3 Bb7 11. Rc1 Nbd7 12. O-O Rc8 13. b3 Qb8 14. Qe2 Qa8 15. Bf2 Nc5 16. Rfe1 O-O 17. b4 Ncd7 18. a3 Rfe8 19. h3 Nf8 20. f5 N6d7 21. fxe6 fxe6 22. Bh5 g6 23. Bg4 Bg5 24.
Rc2 Ne5 25. Na4 Bd8 26. Bg3 b5 27. Nb2 bxc4 28. Nxc4 Nxc4 29. Rxc4 Bb6 30. Bf2 Qa7 31. Rxc8 Bxc8 32. Rd1 Bd7 33. Rd2 Rc8 34. Kh2 Rc3 35. a4 Qb7 36. a5 Bc7 37. b5 axb5 38. Ra2 d5+ 39. e5 Qb8 40. Qd2 Bxe5+ 41. Kg1 Qc7 42. a6 Rc1+ 43. Bd1 Bf4 44. Qe2 Qc4 45. a7 Qxe2 46. Nxe2 Rxd1+ 47. Be1 Be3+ 48. Kf1 Bxa7 0-1

[Event "GrandPrix_29.05"]
[Site "Chess.com"]
[Date "2020.05.29"]
[Round "2"]
[White "Firegrizzly"]
[Black "KardashevskiyEvgeny"]
[Result "1-0"]
[WhiteElo "2368"]
[BlackElo "1943"]
[TimeControl "600+2"]
[EndTime "9:55:39 PDT"]
[Termination "Firegrizzly won on time"]

1. d4 d5 2. Bf4 Nf6 3. e3 e6 4. Nf3 Bd6 5. Bg3 O-O 6. Nbd2 c5 7. c3 b6 8. Bd3 Ba6 9. Bxa6 Nxa6 10. Qe2 Nb8 11.
Bxd6 Qxd6 12. dxc5 Qxc5 13. O-O Nbd7 14. Rfd1 Rac8 15. h3 h6 16. Qa6 Rfd8 17. a4 Qa5 18. Qe2 Qc5 19. Nd4 e5 20. Nf5 Nf8 21. Qf3 Kh7 22.
h4 Ng6 23. h5 Ne7 24. Ng3 e4 25. Qf4 Qc7 26. Qxc7 Rxc7 27. Ndxe4 Nxe4 28. Nxe4 Rc4 29. Ng3 a5 30. Rd3 Rdc8 31. f3 Rh4 32. Kf2 Rcc4 33.
b3 Rc6 34. Rc1 Kg8 35. Rd4 Rxd4 36. exd4 Kf8 37. Ke3 Ke8 38. Kd3 Kd7 39. c4 Rf6 40. c5 Kc6 41. cxb6+ Kxb6 42. Rc5 Rf4 43. Rb5+ Ka6 44.
Ne2 Rh4 45. Rc5 Kb6 46. Rb5+ Ka6 47. b4 axb4 48. Nc1 1-0

[Event "GrandPrix_29.05"]
[Site "Chess.com"]
[Date "2020.05.29"]
[Round "2"]
[White "Sam_ChessMood"]
[Black "FLamps8"]
[Result "1-0"]
[WhiteElo "2448"]
[BlackElo "2133"]
[TimeControl "600+2"]
[EndTime "9:55:40 PDT"]
[Termination "Sam_ChessMood won by resignation"]

1. e4 c6 2. d4 d5 3. e5 Bf5 4. Nf3 e6 5. Be2 Nd7 6. O-O Ne7 7. c3 h6 8. Nbd2 g5 9. Re1 Ng6 10. Nf1 Nf4 11. Bxf4 gxf4 12. Qd2 h5 13. Qxf4 h4 14. Ne3 Bg6 15. Rad1 Be7 16. Bd3 Nf8 17. Ng4 Bxd3 18. Rxd3 Ng6 19. Qd2 Qc7 20. h3 O-O-O 21. b4 Rh5 22. a4 Rf5 23. Nh6 Rf4 24. g3 hxg3 25. fxg3 Bf8 26. gxf4 Bxh6 27. Ng5 Qe7 28. Rg3 Rg8 29.
Kh2 Nxf4 30. Qxf4 Rxg5 31. Rxg5 Bxg5 32. Qf3 Qf8 33. Rf1 f5 34. exf6 Qd6+ 35. Qg3 1-0

[Event "GrandPrix_29.05"]
[Site "Chess.com"]
[Date "2020.05.29"]
[Round "2"]
[White "abraham1982"]
[Black "GoltsevDmitry2000"]
[Result "1-0"]
[WhiteElo "2322"]
[BlackElo "2198"]
[TimeControl "600+2"]
[EndTime "9:55:41 PDT"]
[Termination "abraham1982 won on time"]

1. e4 c5 2. Nf3 e6 3. c3 Nc6 4. d4 cxd4 5. cxd4 d5 6. exd5 exd5 7. Nc3 f6 8. Bd3 Bb4 9. O-O Nge7 10.
Qc2 Bg4 11. a3 Bxf3 12. axb4 Bh5 13. b5 Nb4 14. Qd2 Nxd3 15. Qxd3 O-O 16. Bf4 Qd7 17. Ra3 g5 18. Bg3 Bg6 19. Qd2 Nf5 20. Rfa1 h5 21. f3 b6 22. Bf2 Nd6 23. Qe2 Nc4 24.
R3a2 Rfe8 25. Qf1 Bc2 26. Qc1 Bb3 27. Ra6 Re7 28. h4 Qf5 29. hxg5 fxg5 30. Qb1 Qxb1+ 31.
Rxb1 Rd8 32. f4 Kg7 33. fxg5 Kg6 34. Rba1 Rdd7 35. Bg3 Kxg5 36. Bb8 Na5 37. Ra3 Re1+ 38. Kh2 Rf7 39. R6xa5 bxa5 40. Rxb3 Rff1 41. Kh3 h4 42.
Nxd5 Rh1+ 43. Bh2 Re4 44. Rd3 Rb1 45. Nc3 1-0

[Event "GrandPrix_29.05"]
[Site "Chess.com"]
[Date "2020.05.29"]
[Round "2"]
[White "2346PL"]
[Black "Nitzan_Steinberg"]
[Result "0-1"]
[WhiteElo "2089"]
[BlackElo "2414"]
[TimeControl "600+2"]
[EndTime "9:55:45 PDT"]
[Termination "Nitzan_Steinberg won by resignation"]

1. d4 d5 2. Nf3 Nf6 3. c3 Bf5 4. Qb3 Qc8 5. Bg5 Nbd7 6. Nbd2 h6 7. Bxf6 Nxf6 8. e3 e6 9. c4 c6 10.
Be2 Bd6 11. O-O O-O 12. Bd3 Re8 13. cxd5 Bxd3 14. Qxd3 exd5 15. a3 a5 16. Qc2 g6 17.
h3 Kg7 18. Ne1 h5 19. Rc1 Bb8 20. Qd3 Qc7 21. f4 Ne4 22. Nxe4 Rxe4 23. Nf3 Qe7 24. Rce1 Qf6 25. Ne5 Bd6 26. Qb3 Qe7 27. Rf3 f6 28.
Nd3 Re8 29. Qc3 Qc7 30. Nc5 R4e7 31. f5 Bxc5 32. Qxc5 g5 33. b4 axb4 34. axb4 Re4 35. b5 g4 36. hxg4 hxg4 37. Rff1 Qg3 38. bxc6 Rxe3 39. Rb1 Re2 40. Rxb7+ Kh6 41. Qxd5 Qe3+ 42. Kh1 Rh8 43. Rh7+ Rxh7 44. Qg8 Qg5 45. Qf8+ Qg7 46. Qb8 Qc7 47. Qg8 Qf7 48. Qxg4 Qh5+ 49. Qxh5+ Kxh5 50. Rc1 Rc7 51. d5 Rd2 52. Rc5 Kg4 53. Kh2 Kf4 54. Rb5 Ke4 55. Rb7 Rxb7 56. cxb7 Rb2 0-1

[Event "GrandPrix_29.05"]
[Site "Chess.com"]
[Date "2020.05.29"]
[Round "2"]
[White "Robert_Chessmood"]
[Black "Gareth-Bale11"]
[Result "0-1"]
[WhiteElo "1888"]
[BlackElo "2345"]
[TimeControl "600+2"]
[EndTime "9:55:48 PDT"]
[Termination "Gareth-Bale11 won by resignation"]

1. e4 e5 2. Nf3 Nc6 3. Bb5 a6 4. Ba4 Nf6 5. O-O Be7 6. Bxc6 dxc6 7. d3 Bd6 8. Bg5 h6 9. Bh4 Be6 10. Re1 Qe7 11. d4 O-O-O 12. Nbd2 g5 13. Bg3 Nh5 14.
Qe2 exd4 15. Nc4 Nxg3 16. hxg3 Bc5 17. a3 f6 18. b4 Ba7 19. Na5 h5 20. Rab1 h4 21. Nxc6 bxc6 22. Qxa6+ Kb8 23. b5 c5 24. b6 cxb6 25. Rxb6+ Bxb6 26. Qxb6+ Ka8 27. Qa6+ Qa7 28. Qxe6 hxg3 29. Rb1 Rb8 30. Qc6+ Rb7 31. Nd2 d3 32. cxd3 c4 33. Qxb7+ Qxb7 34. Rxb7 c3 35. Rb1 cxd2 36. Rd1 Rc8 37. Kf1 Rc1 38. fxg3 Rxd1+ 0-1

[Event "GrandPrix_29.05"]
[Site "Chess.com"]
[Date "2020.05.29"]
[Round "2"]
[White "zuagroasta"]
[Black "BakaPG"]
[Result "0-1"]
[WhiteElo "1386"]
[BlackElo "2125"]
[TimeControl "600+2"]
[EndTime "9:55:48 PDT"]
[Termination "BakaPG won on time"]

1. d4 d5 2. Bg5 h6 3. Bh4 c6 4.
e3 Qb6 5. Qc1 e5 6. Nf3 e4 7.
Nfd2 Be6 8. c4 Nd7 9. Nc3 Ngf6 10. Be2 Be7 11. O-O O-O 12. b3 Rac8 13. f3 exf3 14. Bxf3 Rfe8 15. c5 Qd8 16. Qc2 Nf8 17.
b4 Ng4 18. Bxe7 Qxe7 19. Rae1 Qh4 20. h3 Nf6 21. Ne2 N8h7 22. Nf4 Ng5 23. Kh2 Nge4 24. Nxe4 Nxe4 25. Bxe4 dxe4 26. Ne2 g6 27. Rc1 Qe7 28.
Qxe4 Bxa2 29. Qxe7 Rxe7 30. Nc3 Bc4 31. Rf3 b5 32. e4 Rd8 33. Rd1 a5 34. bxa5 b4 35.
Na4 Be2 36. Rfd3 Bxd1 37. Rxd1 Rxe4 38. a6 Re7 39. Nb6 Ra7 40. Ra1 b3 41. d5 cxd5 42.
c6 d4 43. Nc4 d3 44. Rb1 Rxa6 45. c7 Rc8 46. Rxb3 Rxc7 0-1

[Event "GrandPrix_29.05"]
[Site "Chess.com"]
[Date "2020.05.29"]
[Round "2"]
[White "Yaroslav_Remizov"]
[Black "DinaBelenkaya"]
[Result "0-1"]
[WhiteElo "2247"]
[BlackElo "1575"]
[TimeControl "600+2"]
[EndTime "9:55:49 PDT"]
[Termination "DinaBelenkaya won on time"]

1. e4 d5 2. Nc3 dxe4 3. Nxe4 Nf6 4. Ng3 h5 5. Bc4 h4 6. N3e2 h3 7. Nxh3 Bxh3 8. gxh3 Rxh3 9. d3 Nc6 10. Bf4 e6 11. Qd2 Nd4 12. Nxd4 Qxd4 13. O-O-O Bd6 14. Be3 Qh4 15.
Qa5 c6 16. Rhg1 Ng4 17. Kb1 Rxh2 18. Qc3 g6 19. Qb3 Nxe3 20. Qxb7 Nxd1 21. Qxa8+ Ke7 22.
Qxa7+ Kf6 23. Rxd1 Rh1 24. Rc1 Bf4 25. Qd4+ e5 0-1

[Event "GrandPrix_29.05"]
[Site "Chess.com"]
[Date "2020.05.29"]
[Round "2"]
[White "Koksik_13"]
[Black "Doukis"]
[Result "0-1"]
[WhiteElo "2023"]
[BlackElo "2257"]
[TimeControl "600+2"]
[EndTime "9:55:49 PDT"]
[Termination "Doukis won by resignation"]

1. d4 d5 2. Nc3 Nf6 3. Bf4 e6 4. Nb5 Na6 5. e3 Be7 6. h3 O-O 7. Nf3 c6 8. Nc3 c5 9. Bxa6 bxa6 10. O-O Bd7 11. Ne5 Be8 12. Rb1 a5 13. Qf3 Rc8 14. Rfd1 cxd4 15. exd4 Nd7 16. Qg3 Nxe5 17. Bxe5 f6 18.
Bf4 Bg6 19. Rbc1 Qb6 20. Na4 Qb4 21. b3 Bxc2 22. Re1 Bf5 23. Rcd1 Rc6 24. h4 Be4 25. h5 Rfc8 26. Kh2 Kf7 27. f3 Bc2 28. Rc1 Bf5 29. Rcd1 Rc2 30. Nc5 Bxc5 31. dxc5 Qxc5 32. h6 g5 33. Rc1 gxf4 34. Qg7+ Ke8 35. Rxc2 Qxc2 36.
Qxf6 Kd7 37. Qg7+ Kd6 38. Qe5+ Kc6 39. Qg7 Rc7 40. Qg8 Kb7 41. a3 Qf2 42. Rd1 Qg3+ 43. Qxg3 fxg3+ 44. Kxg3 Rc3 45. b4 a4 46. Ra1 d4 47. Kf4 d3 48. g4 Bg6 49. Ke3 Rc2 50. f4 Re2+ 51. Kf3 Be4+ 52. Kg3 d2 53. Rd1 Bc2 0-1

[Event "GrandPrix_29.05"]
[Site "Chess.com"]
[Date "2020.05.29"]
[Round "2"]
[White "Mikhail_Golubev"]
[Black "Olga_Girya"]
[Result "0-1"]
[WhiteElo "2145"]
[BlackElo "2242"]
[TimeControl "600+2"]
[EndTime "9:55:53 PDT"]
[Termination "Olga_Girya won by resignation"]

1. e4 c6 2. d4 d5 3. Nc3 dxe4 4. Nxe4 Nf6 5. Nxf6+ exf6 6. c3 Bd6 7. Bd3 O-O 8. Qc2 Re8+ 9. Ne2 h5 10. O-O h4 11. h3 Nd7 12. c4 Nf8 13. Be3 Bc7 14.
Rfe1 Ne6 15. d5 cxd5 16. cxd5 Qxd5 17. Nf4 Bxf4 18. Bxf4 Bd7 19. Bh7+ Kh8 20. Be4 Qc5 21. Qd1 Nxf4 22. Qxd7 Re7 23. Qg4 Qg5 24. Bf3 Qxg4 25.
hxg4 Rae8 26. Rxe7 Rxe7 27. Rd1 g6 28. Kf1 Kg7 29.
Rd4 Ne6 30. Rb4 b6 31. Bd5 Nc5 32. Rd4 Rd7 33. Rd1 Ne6 34. Bb3 Rxd1+ 35. Bxd1 Nd4 36.
Ke1 f5 37. Kd2 fxg4 38. Bxg4 f5 39. Bd1 Kf6 40. Kc3 Ke5 41. Kc4 g5 42. b4 g4 43. a4 h3 44. gxh3 gxh3 0-1

[Event "GrandPrix_29.05"]
[Site "Chess.com"]
[Date "2020.05.29"]
[Round "2"]
[White "DrVelja"]
[Black "tsvet2005"]
[Result "0-1"]
[WhiteElo "2142"]
[BlackElo "2127"]
[TimeControl "600+2"]
[EndTime "9:55:56 PDT"]
[Termination "tsvet2005 won by resignation"]

1. e4 c5 2. Nf3 d6 3. d4 cxd4 4. Nxd4 Nf6 5. Nc3 a6 6. Be2 e5 7. Nf3 Be7 8. Bg5 Be6 9. Bxf6 Bxf6 10. Qd2 O-O 11. Nd5 Nd7 12. Rd1 Rc8 13. c3 Nc5 14.
Qe3 Na4 15. Nxf6+ Qxf6 16. Rxd6 Nxb2 17. O-O Qe7 18. Rd2 Na4 19. Nxe5 Nxc3 20. f4 Bxa2 21. Bg4 Rc7 22. Rc1 Qc5 23. Qxc5 Rxc5 24. Rdc2 f5 25. Bxf5 Ne2+ 26. Kf2 Nxc1 27. Rxc5 g6 28.
Rxc1 gxf5 29. exf5 Rxf5 30. Ke3 Bd5 31. g4 Rf8 32. f5 b5 33. Kf4 b4 34. Rd1 Ba2 35. Rd6 b3 36. Rb6 a5 37. g5 a4 38. Nd3 Bb1 39. Ke3 Rxf5 40. Rb8+ Kg7 41. Nf4 Re5+ 42. Kd2 Bc2 43. Rb6 a3 44. h4 a2 45. Nh5+ Kf7 46.
Rb7+ Ke6 47. Ng7+ Kd6 0-1

[Event "GrandPrix_29.05"]
[Site "Chess.com"]
[Date "2020.05.29"]
[Round "2"]
[White "chessfreak35"]
[Black "Nodar_Lortkipanidze"]
[Result "1-0"]
[WhiteElo "2349"]
[BlackElo "2320"]
[TimeControl "600+2"]
[EndTime "9:55:57 PDT"]
[Termination "chessfreak35 won by checkmate"]

1. e4 e6 2. d4 d5 3. Nc3 Nf6 4. e5 Nfd7 5. f4 c5 6. Nf3 Nc6 7. Be3 a6 8. Qd2 cxd4 9. Nxd4 Nxd4 10. Bxd4 Bc5 11. a3 O-O 12. Bxc5 Nxc5 13. Bd3 Bd7 14.
O-O Qb6 15. Kh1 Rac8 16. b4 Nxd3 17. cxd3 Rc7 18. Rac1 Rfc8 19. Ne2 h5 20. Rxc7 Rxc7 21. Rc1 Rxc1+ 22. Nxc1 Ba4 23. d4 Qc6 24. h3 Qc4 25.
Kh2 Qf1 26. Nd3 Bb5 27. Nc5 b6 28. Nb7 Qa1 29. Qe3 Qb2 30. Nd6 Qc2 31. f5 Bd3 32. f6 gxf6 33. exf6 Qc7 34. Qe5 Bg6 35. Qf4 Kh7 36.
Kg3 Qc3+ 37. Kh4 Qxa3 38. g4 hxg4 39. hxg4 Qxb4 40. Kg5 a5 41. Qh2+ Kg8 42. Nc8 Bh7 43. Ne7+ Kh8 44. Qb8+ Bg8 45. Qxg8# 1-0

[Event "GrandPrix_29.05"]
[Site "Chess.com"]
[Date "2020.05.29"]
[Round "2"]
[White "haddinibilbaoo"]
[Black "v-kazakouski"]
[Result "0-1"]
[WhiteElo "2138"]
[BlackElo "2587"]
[TimeControl "600+2"]
[EndTime "9:55:59 PDT"]
[Termination "v-kazakouski won by resignation"]

1. d4 Nf6 2. Nf3 e6 3. Bf4 b6 4. e3 Be7 5. h3 O-O 6. Nbd2 c5 7. c3 d6 8. Bd3 cxd4 9. exd4 Ba6 10. Bxa6 Nxa6 11. O-O h6 12. Re1 Nc7 13. c4 Qd7 14.
Rc1 Rac8 15. b4 b5 16. c5 Ncd5 17. cxd6 Bxd6 18. Bxd6 Qxd6 19. a3 Nc3 20. Qc2 Ne2+ 21. Rxe2 Rxc2 22. Rxc2 a5 23. Rc5 axb4 24. axb4 Nd5 25.
Ne4 Qa6 26. Re1 Rb8 27. Rb1 Qa3 28. Nd6 Qd3 29. Rbc1 f6 30. Rc8+ Rxc8 31. Rxc8+ Kh7 32. Rc5 Nxb4 33. Nxb5 Na6 34. Rh5 g6 0-1

[Event "GrandPrix_29.05"]
[Site "Chess.com"]
[Date "2020.05.29"]
[Round "2"]
[White "LazovT"]
[Black "Skatchkov_V"]
[Result "0-1"]
[WhiteElo "1858"]
[BlackElo "2185"]
[TimeControl "600+2"]
[EndTime "9:55:59 PDT"]
[Termination "Skatchkov_V won by resignation"]

1. e4 e5 2. Nf3 Nf6 3. d3 Nc6 4.
Nbd2 d5 5. Be2 Bc5 6. c3 O-O 7. O-O Re8 8. Re1 Ng4 9. Rf1 Nf6 10. b4 Bb6 11. a4 a6 12. Qc2 Bg4 13. h3 Bh5 14.
Nb3 h6 15. Bb2 Qe7 16. b5 axb5 17. axb5 Rxa1 18. Rxa1 Nb8 19. Ba3 Qe6 20. c4 c6 21.
c5 Bd8 22. b6 dxe4 23. dxe4 Nxe4 24. Qxe4 Qxb3 25. Bc4 Qc3 26. Ra2 Bg6 27. Qe2 Nd7 28. Nd2 Qd4 29. Nb3 Qh4 30. Na5 Qe7 31. Qe3 Nf6 32.
Qb3 Ne4 33. Qb4 Qd7 34. Qe1 Bg5 35. Kh2 Bf4+ 36. g3 Bd2 37. Qd1 Qd4 38. f3 Qf2+ 0-1

[Event "GrandPrix_29.05"]
[Site "Chess.com"]
[Date "2020.05.29"]
[Round "2"]
[White "hypert"]
[Black "chessdjw"]
[Result "0-1"]
[WhiteElo "1974"]
[BlackElo "2075"]
[TimeControl "600+2"]
[EndTime "9:56:01 PDT"]
[Termination "chessdjw won by resignation"]

1. e4 e5 2. Nf3 Nc6 3. Nc3 Nf6 4. d4 exd4 5. Nxd4 Bb4 6. Nxc6 bxc6 7. Bd3 O-O 8. O-O Re8 9. Qf3 Rb8 10. h3 Bd6 11.
Ne2 c5 12. Ng3 Be5 13. Rb1 Bb7 14. Bf4 d6 15. b3 Nd7 16. Bxe5 Nxe5 17. Qd1 Qg5 18. Nf5 Qf4 19. g3 Qf3 20. Nh4 Qxd1 21. Rbxd1 g6 22. f4 Nxd3 23. cxd3 a5 24. Kf2 a4 25.
Rb1 Ba6 26. Ke3 f5 27. Rfe1 Rb4 28. bxa4 Rxa4 29. Nf3 fxe4 30. dxe4 Rexe4+ 31. Kf2 Rxa2+ 32. Kg1 Rxe1+ 33. Rxe1 Be2 34. Ng5 c4 35. Ne6 c5 36.
g4 c3 37. f5 Rd2 38. Nf4 c2 39. f6 Rd1 40. Kf2 Rxe1 41. Kxe1 c1=Q+ 0-1